 Dungeon Sprint DCSS version bcrawl-1.36 (webtiles) character file.

Game seed: 8380251574038237417

293636 Baz the Conjurer (level 4, -3/31 HPs)
             Began as a Fairy Air Elementalist on Apr 1, 2022.
             Was a Follower of Vehumet.
             Splashed by an acid dragon's acid (12 damage)
             ... in the Dungeon (Sprint IX: "|||||||||||||||||||||||||||||").
             The game lasted 00:01:13 (182 turns).

Baz the Conjurer (Fairy Air Elementalist)            Turns: 182, Time: 00:01:13

Health: -3/31      AC:  1    Str:  9    XL:     4   Next: 30%
Magic:  24/25      EV: 16    Int: 22    God:    Vehumet [*.....]
Gold:   0          SH:  4    Dex: 13    Spells: 12/13 levels left

rFire    . . .     SeeInvis .   n - staff of power
rCold    . . .     Gourm    .   (shield currently unavailable)
rNeg     . . .     Faith    .   (armour unavailable)
rPois    .         Spirit   .   (no helmet)
rElec    .         Reflect  .   (no cloak)
rCorr    .         NoTele   +   o - +0 pair of gloves
MR       .....                  (no boots)
Stlth    +.........             (no amulet)
HPRegen  0.10/turn              q - +3 ring of strength
MPRegen  0.19/turn              r - +3 ring of intelligence

@: corroded, flying evasively, hasted, very quick
A: small, magic attunement, unstealthy, unfitting armour, able to fly, AC/SH +4
a: Stop Flying, Renounce Religion


You were in the Dungeon.
You worshipped Vehumet.
Vehumet was aware of your devotion.
You were not hungry.

You visited 1 branch

Inventory:

Armour
 o - a +0 pair of gloves (worn)
 p - a +0 pair of gloves
Magical Staves
 n - an uncursed staff of power (weapon)
Jewellery
 q - a +3 ring of strength (left hand)
 r - a +3 ring of intelligence (right hand)
Wands
 m - a wand of iceblast (10)
Scrolls
 i - 2 scrolls of blinking
 k - 3 scrolls of remove curse
 l - 2 scrolls of amnesia
Potions
 b - a potion of flight
 c - 2 potions of heal wounds
 d - 5 potions of curing
 g - 4 potions of magic
 h - a potion of berserk rage
 j - a potion of invisibility
Comestibles
 a - 3 chunks of flesh
 e - a ration {!d}


   Skills:
 + Level 3.0 Fighting
 - Level 2.6 Dodging
 - Level 1.5 Stealth
 + Level 5.0 Spellcasting
 * Level 6.1 Conjurations
 + Level 5.6 Air Magic


You had 12 spell levels left.
You knew the following spells:

 Your Spells              Type           Power        Failure   Level  Hunger
a - Shock                 Conj/Air       ####.        1%          1    None

Your spell library contained the following spells:

 Spells                   Type           Power        Failure   Level  Hunger
 Magic Dart               Conj           ####         1%          1    None
 Airstrike                Air            ####......   2%          4    None
 Static Discharge         Air            ####....     3%          3    None
 Swiftness                Chrm/Air       ###.....     4%          2    None
 Lightning Bolt           Conj/Air       ####......   7%          5    None


Dungeon Overview and Level Annotations

Branches:
Dungeon (1/1)

Altars:
Cheibriados
Dithmenos
Elyvilon
Fedhas
Gozag
Hepliaklqana
Kikubaaqudgha
Lugonu
Makhleb
Nemelex Xobeh
Okawaru
Qazlal
Ru
Sif Muna
Trog
Uskayaw
Vehumet
Wu Jian
Xom
Yredelemnul
Zin
The Shining One
Beogh
Jiyva


Innate Abilities, Weirdness & Mutations

Your spells do not cause hunger and MP costs are reduced by 1.
Your bright wings attract enemies. (Stealth-)
You cannot fit into any form of body armour.
Your shimmering scales are hard and can block incoming attacks. (AC +4, SH +4)
You are small and have problems with some larger weapons.
You can fly continuously.


Message History

The zap misses the acid dragon.
The zap misses the black mamba.
The zap misses the crimson imp.
The zap hits the jackal skeleton.
The jackal skeleton resists.
You destroy the jackal skeleton!
Vehumet accepts your kill.
Vehumet is aiding your destructive magics.
Vehumet offers you knowledge of Magic Dart.
The acid dragon spits acid at you. The splash of acid hits you.
The acid corrodes you!
You are splashed with acid!
* * * LOW HITPOINT WARNING * * *
No path to travel!
You feel much better. The acid dragon misses you. The acid dragon claws you.
You feel yourself speed up. The acid dragon closely misses you.
The acid dragon claws you.
No path to travel!
The acid dragon spits acid at you. The splash of acid hits you.
* * * LOW HITPOINT WARNING * * *
You are splashed with acid!
You die...

▓_▓
▓'▓
▓.▓
▓.▓
▓.▓
▓)▓
▓.▓
▓.▓
▓@▓
▓.▓
▓D▓
▓S▓
▓.▓
▓5▓
▓.▓
▓)▓
▓.▓


You could see a black mamba, an acid dragon and a crimson imp.

Vanquished Creatures
  A jelly (D)
  An orc wizard (D)
  2 dart slugs (D)
  A bat (D)
  A bat zombie (D)
  A giant cockroach (D)
  A hobgoblin (D)
  A jackal (D)
  A kobold (D)
  A quokka (D)
  A jackal skeleton (D)
  A jackal zombie (D)
13 creatures vanquished.

Notes
Turn   | Place    | Note
-------+----------+-------------------------------------------
     0 | D        | Baz the Fairy Air Elementalist began the quest for the Orb.
     0 | D        | Reached XP level 1. HP: 11/11 MP: 6/6
     5 | D        | Reached skill level 2 in Conjurations
     6 | D        | Reached skill level 1 in Fighting
     6 | D        | Reached skill level 3 in Conjurations
     6 | D        | Reached XP level 2. HP: 18/18 MP: 8/8
    17 | D        | Reached skill level 5 in Conjurations
    17 | D        | Reached skill level 5 in Air Magic
    17 | D        | Reached XP level 3. HP: 13/25 MP: 8/10
    94 | D        | Found a roughly hewn altar of Beogh.
    94 | D        | Found a snail-covered altar of Cheibriados.
    94 | D        | Found a shadowy altar of Dithmenos.
    94 | D        | Found a white marble altar of Elyvilon.
    94 | D        | Found a blossoming altar of Fedhas.
    94 | D        | Found an opulent altar of Gozag.
    95 | D        | Found a hazy altar of Hepliaklqana.
    96 | D        | Found a viscous altar of Jiyva.
    97 | D        | Found an ancient bone altar of Kikubaaqudgha.
    98 | D        | Found a corrupted altar of Lugonu.
    99 | D        | Found a burning altar of Makhleb.
   100 | D        | Found a sparkling altar of Nemelex Xobeh.
   101 | D        | Found an iron altar of Okawaru.
   102 | D        | Found a stormy altar of Qazlal.
   103 | D        | Found a sacrificial altar of Ru.
   104 | D        | Found a shimmering blue altar of Sif Muna.
   105 | D        | Found a bloodstained altar of Trog.
   106 | D        | Found a hide-covered altar of Uskayaw.
   107 | D        | Found a radiant altar of Vehumet.
   108 | D        | Found an ornate altar of the Wu Jian Council.
   109 | D        | Found a shimmering altar of Xom.
   110 | D        | Found a basalt altar of Yredelemnul.
   111 | D        | Found a glowing silver altar of Zin.
   112 | D        | Found a glowing golden altar of the Shining One.
   115 | D        | Became a worshipper of Vehumet
   173 | D        | Noticed an acid dragon
   173 | D        | Noticed a black mamba
   177 | D        | Reached skill level 5 in Spellcasting
   177 | D        | Reached skill level 6 in Conjurations
   177 | D        | Reached XP level 4. HP: 20/31 MP: 13/13
   178 | D        | Reached * piety under Vehumet
   178 | D        | Offered knowledge of Magic Dart by Vehumet.
   182 | D        | Splashed by an acid dragon's acid

Skill      XL: |  1  2  3 |
---------------+----------+-----
Spellcasting   | 3 4 5 |  5.0
Conjurations   | 3 5 6 |  6.1
Fighting       | 1 2 3 |  3.0
Air Magic      | 4 5 |  5.6
Dodging        | |  2.6
Stealth        | |  1.5

Action                   |  1- 3 |  4- 6 || total
-------------------------+-------+-------++-------
 Cast: Shock             |    10 |     2 ||    12
  Use: Potion            |       |     2 ||     2
Dodge: Dodged            |     6 |     3 ||     9
Block: Other             |       |     1 ||     1
